 Dungeon Crawl Stone Soup version 0.30.1-4-g462c640d31 (webtiles) character file.

Game seed: 13755360361543269968

41385 Grimby the Warrior (level 13, 0/124 (127) HPs)
             Began as a Demonspawn Fighter on Aug 20, 2023.
             Slain by a merfolk aquamancer
             ... wielding a +4 rapier of speed
              (12 damage)
             ... on level 1 of the Shoals on Aug 25, 2023.
             The game lasted 01:23:57 (13211 turns).

Grimby the Warrior (Demonspawn Fighter)            Turns: 13211, Time: 01:23:58

HP:   0/124 (127)   AC: 19    Str: 24    XL:     13   Next: 79%
MP:   13/13         EV:  9    Int: 12    God:
Gold: 1122          SH: 10    Dex: 14    Spells: 12/12 levels left

rFire   . . .        a - +4 war axe (drain)
rCold   + + .        c - +0 buckler
rNeg    . . .        b - +3 scale mail
rPois   .            (helmet unavailable)
rElec   +            (no cloak)
rCorr   .            N - +1 pair of gloves
SInv    +            g - +3 pair of mountain boots {steadfast, rC+}
Will    .....        s - amulet of regeneration
Stlth   +            y - ring of protection from cold
HPRegen 1.20/turn    S - ring "Ichuuk" {Fly rElec Str+3 Int+3 Stlth+}
MPRegen 0.13/turn

%: no passive effects
@: about to teleport, flying, lightly drained
A: antennae 3, large bone plates 2, ignite blood 2, robust 1
a: no special abilities


You were on level 1 of the Shoals.
You visited 3 branches of the dungeon, and saw 16 of its levels.

You collected 1122 gold pieces.

Inventory:

Hand Weapons
 a - a +4 war axe of draining (weapon)
 Q - a +0 morningstar
Missiles
 E - 4 throwing nets (quivered)
 U - 6 javelins
Armour
 b - a +3 scale mail (worn)
 c - a +0 buckler (worn)
 g - the +3 pair of mountain boots (worn) {steadfast, rC+}
   (You acquired it on level 4 of the Dungeon)

   Steadfast: It prevents involuntary movement, except for blinking,
   teleportation, or banishment.
   rC:        It protects you from cold.
 N - a +1 pair of gloves (worn)
 T - the +2 kite shield of Past Mistakes {rN+ Str+4}
   (You found it on level 5 of the Lair of Beasts)

   Str:       It affects your strength (+4).
   rN:        It protects you from negative energy.
Magical Staves
 w - a staff of fire
Jewellery
 o - a ring of magical power
 q - an amulet of faith
 s - an amulet of regeneration (around neck)
 y - a ring of protection from cold (left hand)
 G - a +6 ring of dexterity
 M - a ring of flight
 P - a ring of poison resistance
 S - the ring "Ichuuk" (right hand) {Fly rElec Str+3 Int+3 Stlth+}
   (You found it on level 5 of the Lair of Beasts)

   [ring of flight]

   Str:       It affects your strength (+3).
   Int:       It affects your intelligence (+3).
   rElec:     It insulates you from electricity.
   Fly:       It grants you flight.
   Stlth:     It makes you more stealthy.
 V - a ring of willpower
Wands
 u - a wand of flame (6)
 A - a wand of paralysis (62)
 C - a wand of iceblast (1)
 F - a wand of digging (6)
 O - a wand of acid (1)
Scrolls
 f - 4 scrolls of magic mapping
 j - 3 scrolls of noise
 k - 2 scrolls of teleportation
 m - a scroll of amnesia
 n - 2 scrolls of vulnerability
 p - a scroll of fear
 t - 3 scrolls of blinking
 H - a scroll of acquirement
 J - a scroll of fog
 R - 3 scrolls of identify
 W - a scroll of enchant weapon
Potions
 d - 3 potions of might
 e - a potion of brilliance
 h - 4 potions of lignification
 i - 2 potions of invisibility
 l - 4 potions of degeneration
 r - 4 potions of attraction
 v - a potion of haste
 x - a potion of cancellation
 z - 3 potions of ambrosia
 B - a potion of magic
 D - a potion of berserk rage
 I - 2 potions of resistance
 K - 2 potions of flight {unknown}
 L - 2 potions of curing


   Skills:
 + Level 15.4 Fighting
 + Level 13.9 Axes
 + Level 11.0 Armour
 - Level 2.6 Shields


You had 12 spell levels left.
You didn't know any spells.
Your spell library contained the following spells:

 Spells                   Type           Power      Damage    Failure   Level
 Freeze                   Ice            0%         1d3       63%         1
 Blink                    Tloc           0%         N/A       77%         2
 Cigotuvi's Dreadful Rot  Necr/Pois/Air  0%         N/A       77%         2
 Animate Dead             Necr           0%         N/A       100%        4
 Manifold Assault         Tloc           0%         N/A       100%        4
 Olgreb's Toxic Radiance  Pois           0%         N/A       100%        4
 Borgnjor's Vile Clutch   Necr/Erth      0%         N/A       100%        5
 Death Channel            Necr           0%         N/A       100%        6
 Storm Form               Tmut/Air       0%         N/A       100%        7
 Discord                  Hex            0%         N/A       100%        8
 Ignition                 Fire           0%         3d3       100%        8


Dungeon Overview and Level Annotations

Branches:
Dungeon (10/15)            Temple (0/1) D:4            Lair (5/5) D:9
 Shoals (1/4) Lair:2       Spider (0/4) Lair:3        Slime (0/5) Lair:4
    Orc (0/2) D:9

Altars:
Cheibriados
Fedhas
Okawaru
Qazlal
Trog
Xom

Shops:
D:8 [

Annotations:
Lair:1 3 runed translucent doors, Raisev's ghost, journeyman HOFi


Innate Abilities, Weirdness & Mutations

You have a pair of large antennae on your head. (SInv)
You are mostly covered in large bone plates. (SH +6)
Your demonic aura often causes spilled blood to erupt in flames.
You are robust. (+10% HP)


Message History

The merfolk aquamancer is engulfed in a cloud of scalding steam.
The merfolk aquamancer points at you and mumbles some strange words.
The torrent of water misses you.
The wave splashes down.
You hear an angry hiss.
You barely miss the merfolk aquamancer.
The merfolk aquamancer is lightly wounded.
The merfolk aquamancer hits you with a +0 rapier.
You hit the merfolk aquamancer.
The merfolk aquamancer is lightly wounded.
The merfolk aquamancer hits you with a +0 rapier.
You barely miss the merfolk aquamancer.
The merfolk aquamancer is lightly wounded.
A merfolk aquamancer comes into view. It is wielding a +2 rapier of venom.
The merfolk aquamancer shouts!
You slash the merfolk aquamancer!
The merfolk aquamancer is moderately wounded.
You slash the merfolk aquamancer!
The merfolk aquamancer hits you but does no damage.
You feel drained.
The merfolk aquamancer is engulfed in blazing flames.
The merfolk aquamancer casts a spell at you.
The shard of ice hits you!! You partially resist.
The merfolk aquamancer attacks as you move away!
The merfolk aquamancer hits you but does no damage.
You feel drained.
The merfolk aquamancer attacks as you move away!
The merfolk aquamancer hits you with a +4 rapier of speed.
The merfolk aquamancer hits you but does no damage.
You feel drained.
The merfolk aquamancer is engulfed in blazing flames.
The merfolk aquamancer gestures at you while chanting.
The torrent of water hits you!!!
* * * LOW HITPOINT WARNING * * *
Your boots keep you from being knocked back.
The wave splashes down.
You hear an angry hiss. x2; You hear a shout!
As you read the scroll of teleportation, it crumbles to dust.
You feel strangely unstable.
The merfolk aquamancer hits you with a +4 rapier of speed!
You die...

#.# #.~##....##.~#####≈≈P
..###.~..##......~≈≈≈≈≈≈≈
~.†...~.###..####~≈≈≈≈#≈≈≈~P..
#~~~#~~## ######.##~≈##≈≈≈≈~~~~
#~~~#...#######..##~≈#≈≈≈~P~PP~
#~~~~~...†.......~≈~≈#≈~~~P~P~~
#~~~~~~~.....~~~~~~..##~~PP~~≈~
.#~#~~~##~~~~##~~###.##~~~~~≈≈~
#####~~##~~~~##~@## #~~~~~≈≈≈~
~~~~~~~≈≈≈≈~~~~mmm# ##/~~≈~~≈≈≈
~~~~~~≈≈≈≈≈~~~~~..###.~~~~≈≈≈≈≈
.~~~~~≈≈≈≈≈~~~~.#.....~m#≈≈≈≈≈≈
..~~~~~~~≈≈~~~~##...{~~~# §≈≈≈≈
..~~~~~~~≈≈~~~~..~~~~~~~# ~~≈≈
...~~~~~~≈≈≈~~~~~~~~~~~~#


{mmm ....~~~~~≈≈≈≈~~~~~~~~~~~# {~ ...###.~~≈≈≈≈~~~~~~~~≈≈~### You could see 3
merfolk aquamancers.

Vanquished Creatures
  A fire dragon (Lair:5)
  Josephine (Lair:5)
  A merfolk impaler (Shoals:1)
  A merfolk avatar (Shoals:1)
  2 hydras (Lair:5)
  A catoblepas (Lair:4)
  3 death yaks (Lair:4)
  Urug (Lair:5)
  2 skysharks
  A fire crab (Lair:5)
  3 sea snakes
  An ugly thing (D:9)
  5 elephants
  A manticore (Shoals:1)
  5 black mambas
  3 merfolk sirens (Shoals:1)
  Joseph (D:7)
  A water nymph (Shoals:1)
  3 molten gargoyles (Lair:5)
  A torpor snail (Lair:1)
  Maggie (D:9)
  An unseen horror (D:9)
  10 komodo dragons
  6 rime drakes
  9 cane toads
  2 merfolk (Shoals:1)
  2 trolls
  A meliai (Lair:3)
  A polar bear (Lair:1)
  A wind drake (Shoals:1)
  Prince Ribbit (D:7)
  8 blink frogs
  4 snapping turtles
  23 yaks
  3 wraiths (Lair:5)
  5 wyverns
  Eustachio (D:4)
  4 basilisks (Lair:5)
  4 steam dragons
  4 hell hounds (Lair:5)
  14 water moccasins
  An ice beast (D:6)
  3 orc warriors
  A sky beast (D:8)
  5 black bears
  A hornet zombie (D:9)
  An ogre (D:5)
  13 wolves
  5 centaurs
  2 kobold brigands (D:8)
  A phantom (D:5)
  14 bullfrogs
  2 gnoll sergeants
  3 scorpions
  4 wights (D:9)
  15 killer bees
  2 howler monkeys (D:10)
  3 electric eels (D:9)
  5 lava snakes (Lair:5)
  3 centaur zombies (D:9)
  6 hounds
  2 jellies
  2 orc priests
  Crazy Yiuf (D:7)
  A sleepcap (D:5)
  4 iguanas
  5 orc wizards
  Robin (D:3)
  A howler monkey zombie (D:9)
  4 adders
  14 gnolls
  5 white imps
  2 worms
  4 dart slugs
  15 orcs
  3 ball pythons
  7 bats
  10 endoplasms
  8 giant cockroaches
  12 goblins
  2 hobgoblins
  2 jackals (D:2)
  7 quokkas
  A frilled lizard (D:3)
  14 kobolds
  3 rats
363 creatures vanquished.

Vanquished Creatures (others)
  A black mamba (Lair:5)
1 creature vanquished.

Grand Total: 364 creatures vanquished

Notes
Turn   | Place    | Note
-------+----------+-------------------------------------------
     0 | D:1      | Grimby the Demonspawn Fighter began the quest for the Orb.
     0 | D:1      | Reached XP level 1. HP: 18/18 MP: 1/1
   221 | D:1      | Gained mutation: Your demonic aura sometimes causes spilled
                  | blood to erupt in flames. [demonic ancestry]
   221 | D:1      | Reached XP level 2. HP: 24/24 MP: 2/2
   816 | D:2      | Gained mutation: Your demonic aura often causes spilled
                  | blood to erupt in flames. [demonic ancestry]
   816 | D:2      | Reached XP level 3. HP: 19/30 MP: 3/3
   893 | D:2      | Found a shimmering altar of Xom.
   909 | D:2      | Reached skill level 4 in Fighting
  1167 | D:2      | Gained mutation: You have a pair of small antennae on your
                  | head. [demonic ancestry]
  1167 | D:2      | Reached XP level 4. HP: 19/38 MP: 4/4
  1641 | D:3      | Found a stormy altar of Qazlal.
  1729 | D:3      | Noticed Robin
  1737 | D:3      | Killed Robin
  1738 | D:3      | Gained mutation: You are partially covered in large bone
                  | plates. (SH +4) [demonic ancestry]
  1738 | D:3      | Reached XP level 5. HP: 42/43 MP: 5/5
  2360 | D:4      | Identified a scroll of acquirement
  2360 | D:4      | Acquired the +3 pair of mountain boots {steadfast, rC+}
  2360 | D:4      | Found the +3 pair of mountain boots {steadfast, rC+}
  2396 | D:4      | Found a staircase to the Ecumenical Temple.
  2418 | D:4      | Noticed Eustachio
  2433 | D:4      | Killed Eustachio
  2434 | D:4      | Reached skill level 5 in Fighting
  2434 | D:4      | Reached XP level 6. HP: 49/51 MP: 6/6
  2990 | D:5      | Entered Level 5 of the Dungeon
  3011 | D:5      | Reached skill level 6 in Fighting
  3079 | D:5      | Reached skill level 5 in Axes
  3079 | D:5      | Gained mutation: You have a pair of antennae on your head.
                  | [demonic ancestry]
  3079 | D:5      | Reached XP level 7. HP: 59/59 MP: 7/7
  3487 | D:5      | Reached skill level 7 in Fighting
  3836 | D:6      | Reached XP level 8. HP: 49/67 MP: 8/8
  4143 | D:6      | Reached skill level 8 in Fighting
  4604 | D:7      | Reached skill level 9 in Fighting
  4604 | D:7      | Reached XP level 9. HP: 62/76 MP: 9/9
  4681 | D:7      | Noticed Prince Ribbit
  4694 | D:7      | Killed Prince Ribbit
  4695 | D:7      | Reached skill level 10 in Fighting
  4762 | D:7      | Found a blossoming altar of Fedhas.
  4854 | D:7      | Noticed Joseph
  4859 | D:7      | Killed Joseph
  5058 | D:7      | Found a runed translucent door.
  5059 | D:7      | Noticed Crazy Yiuf
  5063 | D:7      | Killed Crazy Yiuf
  5298 | D:8      | Gained mutation: You have a pair of large antennae on your
                  | head. (SInv) [demonic ancestry]
  5298 | D:8      | Reached XP level 10. HP: 44/86 MP: 10/10
  5611 | D:8      | Found Amoij's Armour Emporium.
  5910 | D:9      | Reached skill level 11 in Fighting
  5933 | D:9      | Found a staircase to the Orcish Mines.
  6031 | D:9      | Reached skill level 10 in Axes
  6086 | D:9      | Found a staircase to the Lair.
  6120 | D:9      | Noticed Maggie
  6128 | D:9      | Killed Maggie
  6269 | D:9      | Found a snail-covered altar of Cheibriados.
  6296 | D:9      | Found an iron altar of Okawaru.
  6393 | D:9      | Reached skill level 5 in Armour
  6402 | D:9      | Noticed a green ugly thing
  6411 | D:9      | Killed a green ugly thing
  6600 | D:9      | Found a bloodstained altar of Trog.
  6766 | D:10     | Entered Level 10 of the Dungeon
  6851 | Lair:1   | Entered Level 1 of the Lair of Beasts
  6863 | Lair:1   | Reached XP level 11. HP: 91/92 MP: 11/11
  6880 | Lair:1   | Reached skill level 12 in Fighting
  7007 | Lair:1   | Noticed Raisev's ghost (journeyman HOFi)
  7193 | Lair:1   | Found a runed translucent gate.
  7194 | Lair:1   | Found a runed translucent gate.
  7196 | Lair:1   | Found a runed translucent gate.
  7645 | Lair:2   | Found a staircase to the Shoals.
  8365 | Shoals:1 | Entered Level 1 of the Shoals
  8398 | Shoals:1 | Noticed a sea snake
  8414 | Lair:2   | Killed a sea snake
  8415 | Lair:2   | Reached skill level 13 in Fighting
  8622 | Shoals:1 | Noticed a sea snake
  8634 | Shoals:1 | Killed a sea snake
  8737 | Shoals:1 | Noticed a sea snake
  8745 | Shoals:1 | Killed a sea snake
  8746 | Shoals:1 | Gained mutation: You are mostly covered in large bone
                  | plates. (SH +6) [demonic ancestry]
  8746 | Shoals:1 | Reached XP level 12. HP: 63/105 MP: 12/12
  9010 | Lair:3   | Identified the +4 arbalest of the Undead {speed, rElec
                  | Str+3}
  9450 | Lair:3   | Found a hole to the Spider Nest.
  9907 | Lair:4   | Reached skill level 14 in Fighting
 10110 | Lair:4   | Noticed a death yak
 10111 | Lair:4   | Noticed a death yak
 10131 | Lair:4   | Noticed a death yak
 10143 | Lair:4   | Killed a death yak
 10145 | Lair:4   | Killed a death yak
 10148 | Lair:4   | Killed a death yak
 10171 | Lair:4   | Noticed a catoblepas
 10190 | Lair:4   | Killed a catoblepas
 10463 | Lair:4   | Found a staircase to the Slime Pits.
 10496 | Lair:4   | Gained mutation: You are robust. (+10% HP) [demonic
                  | ancestry]
 10496 | Lair:4   | Reached XP level 13. HP: 108/125 MP: 13/13
 10872 | Lair:4   | Got Petaenip's Elucidation of Darkness and the Tundra
 11129 | Lair:5   | Entered Level 5 of the Lair of Beasts
 11177 | Lair:5   | Reached skill level 10 in Armour
 11215 | Lair:5   | Noticed Josephine
 11230 | Lair:5   | Killed Josephine
 11446 | Lair:5   | Identified the +7 dagger "Ibiom" {flame, rCorr}
 11617 | Lair:5   | Identified the ring "Ichuuk" {Fly rElec Str+3 Int+3 Stlth+}
 11653 | Lair:5   | Identified the +2 kite shield of Past Mistakes {rN+ Str+4}
 11775 | Lair:5   | Noticed Urug
 11791 | Lair:5   | Killed Urug
 11960 | Lair:5   | Reached skill level 15 in Fighting
 12052 | Lair:5   | Noticed a fire dragon
 12058 | Lair:5   | Found a large runed translucent door.
 12058 | Lair:5   | Found a large runed translucent door.
 12743 | Lair:5   | Killed a fire dragon
 12948 | Shoals:1 | Noticed a merfolk impaler
 12972 | Shoals:1 | Killed a merfolk impaler
 13211 | Shoals:1 | Slain by a merfolk aquamancer

Illustrated notes

Levels and vault maps discovered:
D:1:      dpeg_arrival_windows_large_door, layout_loops_ring
D:2:      layout_basic, basic_altar
D:3:      layout_loops_ring, mainiacjoe_overflow_24_doors, uniq_robin
D:4:      layout_gridville, minmay_temple_entry_glassed_door, uniq_eustachio
D:5:      layout_basic
D:6:      layout_basic
D:7:      layout_cave_pools, mainiacjoe_overflow_small_starburst,
          uniq_prince_ribbit1, uniq_joseph, uniq_crazy_yiuf_cottage
D:8:      layout_loops_ring, serial_shops, kennysheep_little_box
D:9:      layout_irregular_city, kennysheep_mini_moat, lightli_temple_of_fire,
          kennysheep_okawaru_gauntlet, erik_lair_island, orc_0_dummy,
          serial_undead, serial_undead_f, serial_undead_f, serial_undead_c,
          serial_undead_f, serial_undead_e, serial_undead_b, chequers_big_river,
          chequers_serial_rivers_room_a, uniq_gastronok, uniq_maggie
D:10:     layout_basic, minmay_diced_spiral, uniq_nergalle
Lair:1:   layout_loops_ring, gammafunk_ghost_icy, minivault_19
Lair:2:   layout_chaotic_city, shoals_dummy_entry, guppyfry_lair_drakes
Lair:3:   layout_loops_ring, hellmonk_spider_entry_not_the_bees,
          beast_lair_carwin_1
Lair:4:   layout_long_grid, dpeg_slime_entry_enclosed, minmay_holes,
          dreamdust_deal_with_the_devil
Lair:5:   cheibrodos_lair_end_hotspot, layout_gridlike, uniq_urug,
          uniq_josephine
Shoals:1: layout_shoals, minmay_shop_enchanted_jewellery,
          nicolae_shoals_lost_giant_temple, nicolae_shoals_aquamancer_cove

Skill      XL: |  1  2  3  4  5  6  7  8  9 10 11 12 13 |
---------------+----------------------------------------+-----
Axes           | 2 3 4 5 6 7 9 10 11 13 | 13.9
Fighting       | 4 5 6 7 9 10 11 13 14 15 | 15.4
Armour         | 5 7 9 11 | 11.0
Shields        | |  2.6

Action                     |  1- 3 |  4- 6 |  7- 9 | 10-12 | 13-15 || total
---------------------------+-------+-------+-------+-------+-------++-------
  Melee: War axe           |   107 |   103 |   179 |   520 |   249 ||  1158
  Evoke: Wand              |       |       |       |     6 |     2 ||     8
    Use: Scroll            |     9 |     3 |    11 |     8 |     1 ||    32
         Potion            |       |       |       |     6 |     2 ||     8
 Armour: Scale mail        |    63 |    38 |    86 |   249 |   103 ||   539
  Dodge: Dodged            |    63 |    53 |    69 |   200 |    65 ||   450
  Block: Buckler           |    36 |    24 |    90 |   278 |    84 ||   512
